 Dungeon Crawl Stone Soup version 0.30-b1-2-g02819fbbbe (webtiles) character file.

Game seed: 1413065005997935512

11 Alarkh the Insei (level 2, 24/24 HPs)
             Began as a Demonspawn Chaos Knight on May 21, 2023.
             Was a Plaything of Xom.
             Got out of the dungeon alive.
             The game lasted 00:00:50 (716 turns).

Alarkh the Insei (Demonspawn Chaos Knight)           Turns: 716, Time: 00:00:51

Health: 24/24      AC:  7    Str: 12    XL:     2   Next: 13%
Magic:  2/2        EV: 11    Int: 13    God:    Xom [..*...]
Gold:   75         SH:  0    Dex: 12    Spells: 1/1 levels left

rFire   . .          .
                       - Unarmed
rCold   . . .        (no shield)
rNeg    . . .        a - +2 leather armour
rPois   .            (no helmet)
rElec   .            (no cloak)
rCorr   .            (no gloves)
SInv    .            (no boots)
Will    .....        (no amulet)
Stlth   +            d - ring of flight
HPRegen 0.24/turn    (no ring)
MPRegen 0.08/turn

%: no passive effects
@: flying
A: thin metallic scales 1
a: Renounce Religion


You escaped.
You worshipped Xom.
You were a toy of Xom.
You visited 1 branch of the dungeon, and saw 1 of its levels.

You collected 75 gold pieces.

Inventory:

Armour
 a - a +2 leather armour (worn)
Jewellery
 d - a ring of flight (left hand)
Scrolls
 c - a scroll of acquirement {unknown}
 e - a scroll of poison {unknown}
 g - a scroll of torment {unknown}
Potions
 f - a potion of invisibility {unknown}
Miscellaneous
 b - a piece from Xom's chessboard (15/15) (quivered)


   Skills:
 - Level 3.0 Fighting
 - Level 1.7 Armour
 - Level 0.8 Dodging
 + Level 3.3 Unarmed Combat


You had one spell level left.
You didn't know any spells.
Your spell library contained the following spells:

 Spells                   Type           Power      Damage    Failure   Level
 Animate Armour           Summ/Erth      0%         N/A       98%         4
 Blade Hands              Tmut           0%         N/A       100%        5
 Iron Shot                Conj/Erth      0%         9d1       100%        6


Dungeon Overview and Level Annotations

Branches:
Dungeon (1/15)

Altars:

Shops:
D:1 (


Innate Abilities, Weirdness & Mutations

You are partially covered in thin metallic scales. (AC +2)


Message History

A hobgoblin is nearby!
The hobgoblin hits you.
You closely miss the hobgoblin. The hobgoblin completely misses you.
You closely miss the hobgoblin.
The hobgoblin hits you but does no damage.
You hit the hobgoblin.
The hobgoblin is almost dead.
The hobgoblin hits you but does no damage.
A dart slug comes into view.
You hit the hobgoblin.
You kill the hobgoblin!
You have reached level 2!
Your demonic ancestry asserts itself...
Thin metallic scales grow over part of your body.
You hit the dart slug but do no damage. You punch the dart slug.
The dart slug is moderately wounded.
You hit the dart slug but do no damage.
The dart slug is moderately wounded.
The dart slug briefly extends its eye-stalks.
The dart slug barely misses you.
You hit the dart slug.
The dart slug is severely wounded.
The dart slug bites you but does no damage.
You hit the dart slug but do no damage.
The dart slug is severely wounded.
You hit the dart slug.
The dart slug is almost dead.
The dart slug barely misses you.
You hit the dart slug.
You kill the dart slug!
No target in view!
No target in view!
No target in view!
No target in view!
No target in view!
There is an open door here.
There is an open door here.
There is a staircase leading out of the dungeon here.
Are you sure you want to leave the Dungeon?
This will make you lose the game!
You have escaped!

#8._.8##....§§.≈......#.......#
##.....##.#.........#..#########
#.......#.#..#...#..##.#
##..###..#.#.........##.#########
#'### ###'.#.........#...........
#.# ####..#...#..##>#.######. ..#
#.........##.#.#### #. #.#
#.........#.......###. #.#
#....@....#....##..... #.#
###########....######. #.#
#........... #.## ##...#######
#..# ....# ##.# ~~...# #.#
~~~~P## #.# ##.#


There were no monsters in sight!

Vanquished Creatures
  A dart slug (D:1)
  2 endoplasms (D:1)
  A goblin (D:1)
  A hobgoblin (D:1)
  2 kobolds (D:1)
7 creatures vanquished.

Notes
Turn   | Place    | Note
-------+----------+-------------------------------------------
     0 | D:1      | Alarkh the Demonspawn Chaos Knight began the quest for the
                  | Orb.
     0 | D:1      | Reached XP level 1. HP: 18/18 MP: 1/1
    94 | D:1      | Found Bebbieti's Antique Weapon Boutique.
   413 | D:1      | Found a faded altar of an unknown god.
   470 | D:1      | XOM: 1-stop teleportation journey
   660 | D:1      | Gained mutation: You are partially covered in thin metallic
                  | scales. (AC +2) [demonic ancestry]
   660 | D:1      | Reached XP level 2. HP: 23/24 MP: 2/2
   716 | D:$      | Got out of the dungeon alive.

Illustrated notes

Levels and vault maps discovered:
D:1:      shiori_arrival_oz, layout_loops_corners, serial_bayou,
          serial_bayou_pond_d, serial_bayou_pond_d, serial_bayou_lagoon_a,
          serial_bayou_pond_e, serial_bayou_pond_b, serial_bayou_crossing,
          serial_shops, nicolae_shop_statue_plus,
          hellmonk_ecumenical_altar_slurped_away, kennysheep_small_spiral

Skill      XL: |  1 |
---------------+----+-----
Unarmed Combat | 3 |  3.3
Fighting       | |  3.0
Armour         | |  1.7
Dodging        | |  0.8

Action                     || total
---------------------------++-------
  Melee: Unarmed           ||    23
         Punch             ||     1
 Armour: Leather armour    ||     5
  Dodge: Dodged            ||    10
